 Dungeon Crawl Stone Soup version 0.31-a0-844-gdc52ec4e09 (webtiles) character file.

Game seed: 12599497748309506512

6797 Aneyh the Fighter (level 11, -6/71 HPs)
             Began as a Tengu Monk on Sept 29, 2023.
             Was a Believer of Hepliaklqana.
             Engulfed by a cloud of flame (29 damage)
             ... in a volcano on Sept 30, 2023.
             The game lasted 00:27:07 (8441 turns).

Aneyh the Fighter (Tengu Monk)                      Turns: 8441, Time: 00:27:07

Health: -6/71      AC:  2    Str: 16    XL:     11   Next: 5%
Magic:  12/12      EV: 42    Int: 14    God:    Hepliaklqana [**....]
Gold:   538        SH:  0    Dex: 17    Spells: 7/10 levels left

rFire   . . .        b - +2 shortbow (drain)
rCold   . . .        (shield currently unavailable)
rNeg    . . .        f - +0 robe
rPois   .            (helmet restricted)
rElec   .            L - scarf of the Constellations {repulsion, Int+4}
rCorr   .            (no gloves)
SInv    .            (boots unavailable)
Will    .....        m - amulet of regeneration
Stlth   ++           T - +5 ring of evasion
HPRegen 1.11/turn    z - +5 ring of evasion
MPRegen 0.13/turn

%: repel missiles, acrobat
@: acrobatic, flying
A: reduced essence, beak, talons 3, evasive flight, acrobatic
a: Renounce Religion, Recall Ancestor, Ancestor Identity


You were in a volcano.
You worshipped Hepliaklqana.
Hepliaklqana was pleased with you.
You visited 3 branches of the dungeon, and saw 10 of its levels.
You visited the Abyss 1 time.
You also visited: Sewer, Ossuary and Volcano.

You collected 538 gold pieces.

Inventory:

Hand Weapons
 a - a +4 scimitar of freezing
 b - a +2 shortbow of draining (weapon)
 l - a +7 flail
 w - a +1 dagger of protection
 B - a +0 glaive
 M - a +3 vampiric trident
 Y - the +3 dagger "Muwkoane" {freeze, Will++ Dex+3}
   (You found it on level 8 of the Dungeon)

   Dex+3:     It affects your dexterity (+3).
   Will++:    It greatly increases your willpower.
Missiles
 j - 11 boomerangs
 t - 41 poisoned darts
 W - 2 throwing nets
Armour
 f - a +0 robe (worn)
 v - a +0 buckler
 y - a +3 ring mail
 L - the scarf of the Constellations (worn) {repulsion, Int+4}
   (You acquired it on level 8 of the Dungeon)

   Int+4:     It affects your intelligence (+4).
 Q - a +2 scale mail of cold resistance
 Z - a +4 chain mail
Jewellery
 c - a ring of poison resistance
 k - a ring of protection from cold
 m - an amulet of regeneration (around neck)
 z - a +5 ring of evasion (right hand)
 C - a ring of resist corrosion
 N - an amulet of guardian spirit
 T - a +5 ring of evasion (left hand)
Wands
 s - a wand of polymorph (29)
 O - a wand of flame (12)
Scrolls
 d - 2 scrolls of fear
 e - 3 scrolls of teleportation
 h - a scroll of torment {unknown}
 i - 2 scrolls of summoning
 n - 2 scrolls of vulnerability {unknown}
 q - 2 scrolls of enchant armour
 u - 5 scrolls of enchant weapon
 F - 14 scrolls of noise
 G - 4 scrolls of immolation
 I - 2 scrolls of fog {unknown}
 J - a scroll of amnesia
 K - 3 scrolls of poison
 X - 2 scrolls of revelation {unknown}
Potions
 g - 3 potions of curing
 o - 3 potions of haste
 p - a potion of resistance {unknown}
 r - 2 potions of attraction {unknown}
 x - 3 potions of enlightenment {unknown}
 A - a potion of heal wounds {unknown}
 D - a potion of magic {unknown}
 E - a potion of might {unknown}
 H - a potion of experience {unknown}
 P - a potion of cancellation {unknown}
 R - 2 potions of lignification {unknown}
 S - a potion of mutation {unknown}
 U - 4 potions of brilliance {unknown}
 V - 2 potions of berserk rage {unknown}


   Skills:
 * Level 13.8 Fighting
 - Level 4.0 Polearms
 - Level 3.2 Dodging
 * Level 10.9 Summonings


You had 7 spell levels left.
You knew the following spells:

 Your Spells              Type           Power      Damage    Failure   Level
a - Call Canine Familiar  Summ           30%        N/A       1%          3

Your spell library contained the following spells:

 Spells                   Type           Power      Damage    Failure   Level
 Summon Small Mammal      Summ           100%       N/A       1%          1
 Summon Guardian Golem    Hex/Summ       15%        N/A       10%         3
 Freeze                   Ice            0%         1d3       28%         1
 Shock                    Conj/Air       0%         1d3       28%         1
 Cigotuvi's Dreadful Rot  Necr/Pois/Air  0%         N/A       41%         2
 Dazzling Flash           Conj/Hex       0%         N/A       65%         3
 Frozen Ramparts          Ice            0%         1d1       65%         3
 Hailstorm                Conj/Ice       0%         3d3       65%         3
 Ignite Poison            Fire/Tmut/Pois 0%         N/A       65%         3
 Ozocubu's Armour         Ice            0%         N/A       65%         3
 Volatile Blastmotes      Fire/Tloc      0%         2d10      65%         3
 Sticky Flame             Conj/Fire      0%         2d3       96%         4
 Vhi's Electric Charge    Tloc/Air       0%         N/A       96%         4
 Plasma Beam              Fire/Air       0%         2x1d10    100%        6
 Starburst                Conj/Fire      0%         6d3       100%        6
 Ozocubu's Refrigeration  Ice            0%         4d7       100%        7
 Ignition                 Fire           0%         3d3       100%        8
 Maxwell's Capacitive Co  Air            0%         ∞         100%        8


Dungeon Overview and Level Annotations

Branches:
Dungeon (8/15)             Temple (1/1) D:7            Lair (1/5) D:8
  Sewer (visited)         Ossuary (visited)         Volcano (1/1)

Altars:
Ashenzari
Cheibriados
Dithmenos
Elyvilon
Fedhas
Gozag
Hepliaklqana
Kikubaaqudgha
Makhleb
Nemelex Xobeh
Okawaru
Qazlal
Ru
Sif Muna
Trog
Uskayaw
Vehumet
Wu Jian
Xom
Yredelemnul
Zin
The Shining One
Jiyva

Annotations:
Lair:1 3 runed translucent doors, benadryl's ghost, journeyman GrFi


Innate Abilities, Weirdness & Mutations

Your life essence is reduced to manifest your ancestor. (-10% HP)
You have a beak for a mouth.
You have claws for feet.
Your magical flight helps you evade attacks. (EV +4)
You can magically evade attacks while moving or waiting.


Message History

You shoot an arrow. Thoko avoids your attack.
The arrow closely misses the lava snake.
Thoko blocks the lava snake's attack.
You shoot an arrow. Thoko avoids your attack.
The arrow hits the lava snake!
The lava snake is heavily wounded.
Thoko hits the lava snake with a +0 flail!
The lava snake dies!
No target in view!
Unknown command.
You start waiting.
The air gets thick with the scent of sulphur.
The volcano roars to life, belching forth lava!
You start waiting.
The air gets thick with the scent of sulphur.
You start waiting.
The volcano roars to life, belching forth lava!
You are engulfed in blazing flames.
You are engulfed in blazing flames.
Thoko is engulfed in blazing flames.
You start resting.
Thoko is engulfed in blazing flames.
You start resting.
Ancestor HP restored.
Found a rocky tunnel leading out of this place.
The volcano roars to life, belching forth lava!
The air gets thick with the scent of sulphur.
The volcano roars to life, belching forth lava!
You are engulfed in blazing flames.
Thoko is engulfed in blazing flames.
You are engulfed in blazing flames.
You swap places.
You are engulfed in blazing flames.
* * * LOW HITPOINT WARNING * * *
Thoko is engulfed in blazing flames.
Thoko is engulfed in blazing flames.
You start resting.
Ancestor HP restored.
You start resting.
The air gets thick with the scent of sulphur.
You start resting.
The volcano roars to life, belching forth lava!
You are engulfed in blazing flames.
Thoko is engulfed in blazing flames.
You swap places.
You are engulfed in blazing flames.
You die...

########### #####°○#.##.#.##
####☼○○○☼○○..§....# ##
#○@R☼○☼☼°○○§.§§....
##..○○○○○.☼°○§☼☼○○○≈≈§§.≈..
#....○○○☼○°○○○○§§°☼§§≈§≈≈≈.≈
.....○○○○☼°§§○§○○≈≈§§§≈≈≈§§≈
......○○°§○§○☼☼○§°○☼§≈≈≈≈≈§§§
####.....≈○°§○§○○≈§§○○○°§§§≈≈§§§§
∩.∩....§≈§§○☼≈§§§§§≈§°≈°°≈≈§≈§§≈≈
##....§§≈§≈○§§§≈≈≈§≈§.≈○≈ .≈≈§≈≈§
....§≈≈≈§≈ §....


You could see the friendly Thoko the knight.

Vanquished Creatures
  2 komodo dragons (Lair:1)
  2 blink frogs (Lair:1)
  Prince Ribbit (D:7)
  Sigmund (D:2)
  3 yaks (D:8)
  A fire bat (Volcano)
  A wyvern (Lair:1)
  3 water moccasins
  A nameless horror (D:4)
  A black bear (Lair:1)
  An orc warrior (D:7)
  A sky beast (D:6)
  An ogre (D:5)
  3 centaurs
  3 kobold brigands (D:7)
  5 bullfrogs
  4 scorpions
  3 wights
  2 killer bees (D:6)
  An electric eel (D:6)
  2 centaur zombies (Ossuary)
  A howler monkey (D:6)
  3 hounds
  A human zombie (Ossuary)
  3 jellies
  An orc priest (D:7)
  Ijyb (D:4)
  2 sleepcaps (D:6)
  An orc wizard (D:7)
  5 mummies (Ossuary)
  3 gnolls (D:6)
  16 adders
  2 white imps
  3 worms
  3 dart slugs (D:4)
  16 orcs
  11 ball pythons
  9 endoplasms
  12 giant cockroaches
  2 gnoll zombies (Ossuary)
  11 goblins
  6 hobgoblins
  30 kobolds
  7 quokkas
  4 bats
  15 frilled lizards
  2 goblin zombies (Ossuary)
  An orc zombie (Ossuary)
  6 rats
219 creatures vanquished.

Vanquished Creatures (collateral kills)
  A black mamba (Lair:1)
  A cane toad (Lair:1)
  Jeremiah (D:8)
  3 blink frogs (Lair:1)
  A fire bat (Volcano)
  A centaur (D:8)
  2 kobold brigands
  A wight (D:8)
  A killer bee (D:6)
  3 lava snakes (Volcano)
  A gnoll bouda (D:6)
  An adder (D:4)
  5 kobolds
22 creatures vanquished.

Vanquished Creatures (others)
  A knight (D:8)
1 creature vanquished.

Grand Total: 242 creatures vanquished

Notes
Turn   | Place    | Note
-------+----------+-------------------------------------------
     0 | D:1      | Aneyh the Tengu Monk began the quest for the Orb.
     0 | D:1      | Reached XP level 1. HP: 14/14 MP: 2/2
   124 | D:1      | Reached XP level 2. HP: 19/19 MP: 3/3
   495 | D:2      | Reached XP level 3. HP: 23/23 MP: 4/4
   616 | D:2      | HP: 1/24 [adder (3)]
   627 | D:2      | Reached skill level 4 in Fighting
   991 | D:2      | Reached XP level 4. HP: 25/30 MP: 5/5
  1059 | D:2      | Noticed Sigmund
  1073 | D:2      | Killed Sigmund
  1074 | D:2      | Reached skill level 6 in Fighting
  1074 | D:2      | Reached XP level 5. HP: 26/36 MP: 6/6
  1074 | D:2      | Reached XP level 6. HP: 29/41 MP: 7/7
  1448 | D:2      | Learned a level 3 spell: Call Canine Familiar
  2105 | D:3      | Found a white marble altar of Elyvilon.
  2446 | D:3      | Found a faded altar of an unknown god.
  2450 | D:3      | Found a shadowy altar of Dithmenos.
  2629 | D:4      | You fall into a shaft and drop 3 floors!
  2654 | Abyss:1  | Cast into level 1 of the Abyss (kobold brigand)
  2692 | Abyss:1  | Noticed a starcursed mass
  2697 | D:7      | Escaped the Abyss
  2776 | D:8      | Identified the +3 dagger "Muwkoane" {freeze, Will++ Dex+3}
  2830 | D:8      | Reached skill level 7 in Fighting
  2901 | D:7      | Reached skill level 1 in Summonings
  2915 | D:7      | Gained mutation: Your magical flight helps you evade
                  | attacks. (EV +4) [Tengu growth]
  2915 | D:7      | Reached XP level 7. HP: 3/48 MP: 8/8
  3118 | D:5      | Entered Level 5 of the Dungeon
  3128 | D:5      | Reached skill level 8 in Fighting
  3239 | D:5      | Reached XP level 8. HP: 56/56 MP: 9/9
  3266 | D:5      | Reached skill level 9 in Fighting
  3406 | D:5      | Found a glowing drain.
  3411 | Sewer    | Entered a sewer
  3491 | Sewer    | Got a shiny book
  3662 | D:5      | Found a sand-covered staircase.
  3669 | Ossuary  | Entered an ossuary
  4003 | D:5      | Reached skill level 10 in Fighting
  4479 | D:4      | Noticed a nameless horror
  4483 | D:4      | Killed a nameless horror
  4909 | D:4      | Found a sacrificial altar of Ru.
  5027 | D:4      | Noticed Ijyb
  5043 | D:4      | Killed Ijyb
  5550 | D:6      | Reached XP level 9. HP: 34/63 MP: 6/10
  5765 | D:7      | Found a staircase to the Ecumenical Temple.
  5774 | Temple   | Entered the Ecumenical Temple
  5837 | D:7      | Reached skill level 11 in Fighting
  5904 | D:7      | Noticed Prince Ribbit
  5937 | D:7      | Killed Prince Ribbit
  6098 | D:7      | Reached skill level 5 in Summonings
  6891 | D:7      | Found a hazy altar of Hepliaklqana.
  6893 | D:7      | Found a faded altar of an unknown god.
  6898 | D:7      | Became a worshipper of Hepliaklqana the Forgotten
  6898 | D:7      | Reached * piety under Hepliaklqana
  6898 | D:7      | Reached ** piety under Hepliaklqana
  6899 | D:7      | Remembered your ancestor Thoko as a knight
  6911 | D:7      | Reached skill level 12 in Fighting
  7178 | D:8      | Reached XP level 10. HP: 63/63 MP: 7/11
  7202 | D:8      | Identified a scroll of acquirement
  7203 | D:8      | Acquired the scarf of the Constellations {repulsion, Int+4}
  7235 | D:8      | Noticed Jeremiah
  7255 | D:8      | Killed Jeremiah
  7583 | D:8      | Found a staircase to the Lair.
  7872 | Lair:1   | Entered Level 1 of the Lair of Beasts
  7873 | Lair:1   | Noticed a black mamba
  7898 | Lair:1   | Killed a black mamba
  7908 | Lair:1   | Reached skill level 13 in Fighting
  7962 | Lair:1   | Noticed a cane toad
  7971 | Lair:1   | Killed a cane toad
  8006 | Lair:1   | Reached skill level 10 in Summonings
  8033 | Lair:1   | Found a runed translucent gate.
  8033 | Lair:1   | Found a runed translucent gate.
  8033 | Lair:1   | Found a runed translucent gate.
  8033 | Lair:1   | Found a viscous altar of Jiyva.
  8033 | Lair:1   | Noticed benadryl's ghost (journeyman GrFi)
  8033 | Lair:1   | Noticed a great orb of eyes
  8099 | Lair:1   | Found a dark tunnel.
  8105 | Volcano  | Entered a volcano
  8149 | Volcano  | Reached XP level 11. HP: 71/71 MP: 12/12
  8441 | Volcano  | Engulfed by a cloud of flame

Illustrated notes

Levels and vault maps discovered:
D:1:      sevenhm_arrival_forest_fort_small_6, layout_rooms
D:2:      minmay_thinvault, layout_basic, chequers_jeans, due_unseen_surprise,
          uniq_sigmund
D:3:      layout_loops_corners, nicolae_overflow_ecumenical_swirl,
          elyvilon_altar_5
D:4:      layout_gridville, marbit_many_paths, minmay_three_crescents, uniq_ijyb
D:5:      layout_rooms, chequers_ossuary_entry_cave, gup_sewer_entry_bowl,
          lemuel_flamethrower_1
D:6:      layout_basic, kennysheep_cross_room
D:7:      layout_loops_ring, beargit_hepliaklqana_dungeon_heroes,
          minmay_temple_entry_drinking_statues, uniq_prince_ribbit1
D:8:      layout_loops_cross, lair_entry_dummy, hangedman_decor_riveting,
          uniq_jeremiah
Temple:   mainiacjoe_temple_coin_purse
Lair:1:   layout_regular_city, nicolae_volcano_entry_s_turn,
          gammafunk_ghost_ooze, lemuel_fruit_fields, uniq_fannar
Volcano:  volcano_lake [vl_original]

Skill      XL: |  1  2  3  4  5  6  7  8  9 10 |
---------------+-------------------------------+-----
Polearms       | 4 |  4.0
Fighting       | 4 6 7 8 10 12 13 | 13.8
Summonings     | 1 2 4 7 10 | 10.9
Dodging        | |  3.2

Action                     |  1- 3 |  4- 6 |  7- 9 | 10-12 || total
---------------------------+-------+-------+-------+-------++-------
  Melee: Spear             |    17 |       |       |       ||    17
         Kick              |     2 |    14 |   106 |     7 ||   129
         Dagger            |       |    34 |   309 |       ||   343
         Peck              |       |     7 |    59 |     8 ||    74
         Punch             |       |       |     4 |       ||     4
         Flail             |       |       |     6 |    14 ||    20
         Glaive            |       |       |     4 |       ||     4
         Scimitar          |       |       |       |    21 ||    21
         Trident           |       |       |       |     2 ||     2
   Fire: Sling             |    57 |   106 |    18 |       ||   181
         Shortbow          |       |       |    78 |    67 ||   145
   Cast: Call Canine Famil |       |       |    24 |     8 ||    32
 Invoke: Ancestor Life: Kn |       |       |     1 |       ||     1
    Use: Scroll            |     3 |       |     5 |     4 ||    12
         Potion            |     1 |     1 |     1 |       ||     3
   Stab: Sleeping          |       |       |     6 |       ||     6
         Distracted        |       |       |     1 |     1 ||     2
 Armour: Robe              |    17 |    47 |   169 |    32 ||   265
  Dodge: Dodged            |    27 |    54 |   401 |    63 ||   545

Table legend: (Time is in decaauts)
 A = Elapsed time spent in this place.
 B = Non-inter-level travel time spent in this place.
 C = Inter-level travel time spent in this place.
 D = Time resting spent in this place.
 E = Time spent auto-exploring this place.
 F = Levels seen in this place.
 G = Mean time per level.
                   A        B        C        D        E       F      G
               +--------+--------+--------+--------+--------+-----+--------+
         Total |   8542 |   8239 |    303 |   1133 |   4326 |  14 |  610.1 |
       Dungeon |   7384 |   7081 |    303 |    921 |   4326 |   8 |  923.0 |
        Temple |      1 |      1 |      0 |      0 |      0 |   1 |    1.0 |
          Lair |    244 |    244 |      0 |     11 |      0 |   1 |  244.0 |
         Abyss |     42 |     42 |      0 |     36 |      0 |   1 |   42.0 |
         Sewer |    235 |    235 |      0 |      0 |      0 |   1 |  235.0 |
       Ossuary |    295 |    295 |      0 |     44 |      0 |   1 |  295.0 |
       Volcano |    338 |    338 |      0 |    121 |      0 |   1 |  338.0 |
               +--------+--------+--------+--------+--------+-----+--------+

Top non-repeatable levels by time:
     D:7: 1292 daAuts
     D:2: 1282 daAuts
     D:4: 1062 daAuts
     D:8: 970 daAuts
     D:3: 970 daAuts
     D:5: 701 daAuts
     D:6: 641 daAuts
     D:1: 463 daAuts
 Volcano: 338 daAuts
 Ossuary: 295 daAuts
  Lair:1: 244 daAuts
   Sewer: 235 daAuts
 Abyss:1: 42 daAuts
  Temple: 1 daAuts
